 Dungeon Crawl Stone Soup version 0.30-a0-696-g2367cd04db (webtiles) character file.

Game seed: 17914947500625874022

56 warriortoast the Trooper (level 3, -2/30 HPs)
             Began as a Barachi Fighter on Jan 20, 2023.
             Slain by a shadow imp (3 damage)
             ... summoned by Natasha
             ... on level 2 of the Dungeon.
             The game lasted 00:02:59 (1462 turns).

warriortoast the Trooper (Barachi Fighter)          Turns: 1462, Time: 00:03:00

Health: -2/30      AC:  7    Str: 17    XL:     3   Next: 95%
Magic:  3/3        EV:  9    Int: 10    God:
Gold:   58         SH:  4    Dex: 11    Spells: 2/2 levels left

rFire   . . .      SeeInvis .    a - +0 flail
rCold   . . .      Faith    .    c - +0 buckler
rNeg    . . .      Spirit   .    b - +0 scale mail
rPois   .          Reflect  .    (no helmet)
rElec   .          Harm     .    (no cloak)
rCorr   .          Rampage  .    (no gloves)
Will    .....                    (no boots) Stlth
                                 (no amulet)
HPRegen 0.25/turn                (no ring)
MPRegen 0.08/turn                (no ring)

@: slowed, very slow
A: amphibious, slowness 1, strong legs 1, +LOS
a: Hop


You were on level 2 of the Dungeon.
You visited 1 branch of the dungeon, and saw 2 of its levels.

You collected 58 gold pieces.

Inventory:

Hand Weapons
 a - a +0 flail (weapon)
Armour
 b - a +0 scale mail (worn)
 c - a +0 buckler (worn)
 e - a +0 kite shield
Scrolls
 h - a scroll of noise {unknown}
Potions
 d - a potion of might
 f - 3 potions of lignification {unknown}
 g - 2 potions of attraction {unknown}


   Skills:
 + Level 4.2 Fighting
 + Level 2.9 Maces & Flails
 + Level 4.2 Armour
 + Level 3.8 Shields


You had 2 spell levels left.
You didn't know any spells.
Your spell library was empty.

Dungeon Overview and Level Annotations

Branches:
Dungeon (2/15)

Altars:

Shops:
D:1 :

Annotations:
D:2 Natasha


Innate Abilities, Weirdness & Mutations

You are amphibious.
You cover ground slowly.
You can hop short distances.
You have an extended range of vision and can be seen from far away.


Message History

Natasha moves out of view.
Natasha is nearby!
Things that are here:
a +0 club; 2 stones; a kobold corpse Natasha mumbles some strange words.
Natasha casts a spell at you.
You feel yourself slow down.
Things that are here:
a +0 club; 2 stones; a kobold corpse Natasha barely misses you.
Natasha casts a spell at you. The magic dart hits you! The shadow imp hits you.
You barely miss Natasha.
Natasha hisses.
Natasha claws you. You block the shadow imp's attack. Natasha claws you.
The shadow imp gestures at you. Pain shoots through your body!
* * * LOW HITPOINT WARNING * * *
You closely miss Natasha. Natasha closely misses you.
The shadow imp closely misses you. Natasha closely misses you.
You hit Natasha but do no damage. The shadow imp hits you.
* * * LOW HITPOINT WARNING * * *
Natasha closely misses you.
The shadow imp hits you but does no damage.
You block Natasha's attack.
You barely miss Natasha. You block the shadow imp's attack. Natasha claws you.
* * * LOW HITPOINT WARNING * * *
The shadow imp hits you but does no damage.
Natasha claws you.
* * * LOW HITPOINT WARNING * * *
You sock Natasha!
Natasha is heavily wounded.
You block the shadow imp's attack. Natasha misses you. The shadow imp hits you.
* * * LOW HITPOINT WARNING * * *
Natasha claws you but does no damage.
You hit Natasha.
Natasha is almost dead.
The shadow imp hits you but does no damage.
Natasha claws you but does no damage. The shadow imp hits you.
You die...

######### #.......# #######
#.......# ......# #.......#
### ......# #.......##...
......###########5...........
....>..........)@h...........
......###########............
......# #............ ......#
#............ ##...##
######............ ###.#
#.......##...###.. #.#
##.###### #..# ####.# ....
.....# ....#


You could see Natasha and a shadow imp (summoned).

Vanquished Creatures
  Natasha (D:2)
  4 ball pythons (D:1)
  A bat (D:1)
  3 endoplasms (D:1)
  2 giant cockroaches (D:1)
  4 goblins (D:1)
  4 hobgoblins
  4 kobolds
  A quokka (D:1)
  A frilled lizard (D:1)
  3 rats (D:1)
28 creatures vanquished.

Notes
Turn   | Place    | Note
-------+----------+-------------------------------------------
     0 | D:1      | warriortoast the Barachi Fighter began the quest for the
                  | Orb.
     0 | D:1      | Reached XP level 1. HP: 18/18 MP: 1/1
   152 | D:1      | Reached XP level 2. HP: 13/25 MP: 2/2
   915 | D:1      | Reached XP level 3. HP: 26/27 MP: 3/3
   946 | D:1      | Found Minycint's Book Boutique.
  1240 | D:2      | Noticed Natasha
  1248 | D:2      | Killed Natasha
  1437 | D:2      | Noticed Natasha
  1460 | D:2      | HP: 1/30 [Natasha (2)]
  1462 | D:2      | Slain by a shadow imp

Illustrated notes

Levels and vault maps discovered:
D:1:      dpeg_arrival_triangle_fractal, layout_loops_ring, serial_shops,
          nicolae_shop_temple_entry_statues_fountains, minivault_24,
          minivault_5, minmay_pentomino_x2
D:2:      layout_rooms, uniq_natasha, uniq_jessica, uniq_sigmund

Skill      XL: |  1  2 |
---------------+-------+-----
Fighting       | 4 |  4.2
Armour         | 4 |  4.2
Maces & Flails | |  2.9
Shields        | |  3.8

Action                   || total
-------------------------++-------
Melee: Flail             ||    98
Armor: Scale mail        ||    47
Dodge: Dodged            ||    66
Block: Buckler           ||    31

Table legend: (Time is in decaauts)
 A = Elapsed time spent in this place.
 B = Non-inter-level travel time spent in this place.
 C = Inter-level travel time spent in this place.
 D = Time resting spent in this place.
 E = Time spent auto-exploring this place.
 F = Levels seen in this place.
 G = Mean time per level.
                   A        B        C        D        E       F      G
               +--------+--------+--------+--------+--------+-----+--------+
         Total |   1655 |   1591 |     64 |    421 |    899 |   2 |  827.5 |
       Dungeon |   1655 |   1591 |     64 |    421 |    899 |   2 |  827.5 |
               +--------+--------+--------+--------+--------+-----+--------+

Top non-repeatable levels by time:
     D:1: 1414 daAuts
     D:2: 241 daAuts
